 Dungeon Crawl Stone Soup version 0.21.0-3-g78d12a8 (webtiles) character file.

254 Plasmagod the Shield-Bearer (level 6, -1/38 HPs)
             Began as a Gargoyle Fighter on Jan 8, 2018.
             Slain by Grinder (3 damage)
             ... on level 3 of the Dungeon.
             The game lasted 00:06:23 (2166 turns).

Plasmagod the Shield-Bearer (Gargoyle Fighter)      Turns: 2166, Time: 00:06:24

Health: -1/38      AC: 17    Str: 30    XL:     6   Next: 15%
Magic:  6/6        EV:  8    Int: 12    God:
Gold:   102        SH: 11    Dex: 11    Spells: 5/5 levels left

rFire    . . .     SeeInvis .   q - -3 flail (curse)
rCold    + . .     Gourm    .   c - +0 shield
rNeg     + . .     Faith    .   u - +3 scale mail {rC+}
rPois    ∞         Spirit   .   o - +2 helmet
rElec    +         Reflect  .   (no cloak)
rCorr    .         Harm     .   (no gloves)
MR       .....                  (no boots)
Stlth    ..........             (no amulet)
HPRegen  0.12/turn              k - +3 ring of intelligence
MPRegen  0.10/turn              m - +6 ring of strength

@: mighty
A: negative energy resistance 1, electricity resistance, unbreathing,
petrification resistance, rot immunity, AC +4
a: no special abilities


You were on level 3 of the Dungeon.
You were not hungry.

You visited 1 branch of the dungeon, and saw 3 of its levels.

You collected 102 gold pieces.

Inventory:

Hand Weapons
 a - a +0 flail
 q - a cursed -3 flail (weapon)
Armour
 c - a +0 shield (worn)
 o - a +2 helmet (worn)
 u - a +3 scale mail of cold resistance (worn)
Jewellery
 b - an uncursed ring of stealth
 k - a +3 ring of intelligence (left hand)
 m - a +6 ring of strength (right hand)
 t - an uncursed ring of see invisible {unknown}
Scrolls
 h - a scroll of blinking {unknown}
 i - a scroll of noise {unknown}
 j - 2 scrolls of teleportation {unknown}
 l - a scroll of immolation {unknown}
 s - 2 scrolls of amnesia {unknown}
 v - a scroll of identify
Potions
 e - a potion of berserk rage {unknown}
 n - 3 potions of curing
 p - a potion of ambrosia {unknown}
 r - a potion of lignification {unknown}
Comestibles
 f - 4 rations
 g - 2 chunks of flesh


   Skills:
 + Level 3.7 Fighting
 + Level 4.3 Maces & Flails
 + Level 3.8 Armour
 + Level 0.9 Dodging
 + Level 0.1 Stealth
 + Level 5.0 Shields


You had 5 spell levels left.
You didn't know any spells.

Dungeon Overview and Level Annotations

Branches:
Dungeon (3/15)

Altars:
Fedhas
Xom

Annotations:
D:3 Grinder


Innate Abilities, Weirdness & Mutations

You are resistant to torment.
Your stone body is resilient. (AC +4)
You are immune to poison.
You resist negative energy. (rN+)
You are resistant to electric shocks. (rElec)
You can survive without breathing.
You are immune to petrification.
You are immune to rotting.


Message History

Grinder says, "Mostly I couldn't keep them alive."
You block Grinder's attack.
Your shield and scale mail prevent you from hitting Grinder.
Grinder is almost dead.
Grinder hits you but does no damage. x2
You barely miss Grinder.
Grinder is almost dead.
Grinder hits you but does no damage.
You completely miss Grinder.
Grinder is almost dead.
Grinder hits you but does no damage.
Your shield and scale mail prevent you from hitting Grinder.
Grinder is almost dead.
Grinder hits you but does no damage.
You closely miss Grinder.
Grinder is almost dead.
Grinder hits you but does no damage. Grinder hits you.
* * * LOW HITPOINT WARNING * * *
You writhe in agony.
You die...

#########################
#.......................#
#.#####################.#
#.# ####### #.# #.#
#.....### #.# #.#
#.#.....#######.#
######.# #5....'.....#.#
.......# #@....#####.#=#
######## #.##### #.#.#
####### #.#### #.#.####
......# #....# #[#.#...
......# #....# #.#.#.##
......# #....# #.#.....
......####
#)...######.#÷####
..........
......+.......>....
##.#.####
#.##...######.#.####


You could see Grinder.

Vanquished Creatures
  The ghost of Daviar the Insei, an amateur OpTm (D:3)
  A worker ant (D:2)
  Terence (D:3)
  4 adders (D:2)
  2 worms (D:3)
  A dart slug (D:3)
  A leopard gecko (D:2)
  An orc (D:3)
  7 bats
  A giant cockroach (D:2)
  2 hobgoblins (D:1)
  2 jackals (D:1)
  3 quokkas
  7 frilled lizards
  5 goblins
  7 kobolds
  12 rats
58 creatures vanquished.

Notes
Turn   | Place    | Note
-------+----------+-------------------------------------------
     0 | D:1      | Plasmagod the Gargoyle Fighter began the quest for the Orb.
     0 | D:1      | Reached XP level 1. HP: 14/14 MP: 1/1
   137 | D:1      | Reached XP level 2. HP: 13/19 MP: 2/2
   888 | D:2      | Reached XP level 3. HP: 19/23 MP: 3/3
   910 | D:2      | Reached skill level 4 in Shields
  1069 | D:2      | Reached XP level 4. HP: 27/28 MP: 4/4
  1257 | D:2      | Found a shimmering altar of Xom.
  1261 | D:2      | Found a shimmering altar of Xom.
  1263 | D:2      | Found a shimmering altar of Xom.
  1264 | D:2      | Found a shimmering altar of Xom.
  1265 | D:2      | Found a shimmering altar of Xom.
  1276 | D:2      | Found a shimmering altar of Xom.
  1279 | D:2      | Found a shimmering altar of Xom.
  1711 | D:3      | Noticed Daviar's ghost (amateur OpTm)
  1718 | D:3      | Killed Daviar's ghost
  1718 | D:3      | Reached skill level 5 in Shields
  1718 | D:3      | Reached XP level 5. HP: 30/33 MP: 5/5
  1753 | D:3      | Found a blossoming altar of Fedhas.
  1878 | D:3      | Reached XP level 6. HP: 38/38 MP: 6/6
  1902 | D:3      | Noticed Terence
  1919 | D:3      | Killed Terence
  2112 | D:3      | Noticed Grinder
  2138 | D:3      | Paralysed by Grinder for 7 turns
  2166 | D:3      | Slain by Grinder

Skill      XL: |  1  2  3  4  5 |
---------------+----------------+-----
Shields        | 4 5 |  5.0
Maces & Flails | 3 4 |  4.3
Fighting       | |  3.7
Armour         | |  3.8
Dodging        | |  0.9
Stealth        | |  0.1

Action                   |  1- 3 |  4- 6 || total
-------------------------+-------+-------++-------
Melee: Flail             |   146 |   134 ||   280
  Use: Scroll            |       |     2 ||     2
       Potion            |       |     2 ||     2
  Eat: Chunk             |     1 |     1 ||     2
       Ration            |       |     1 ||     1
Armor: Scale mail        |    95 |    64 ||   159
Dodge: Dodged            |    56 |    37 ||    93
Block: Shield            |    97 |    64 ||   161
